 Dungeon Crawl Stone Soup version 0.19.0-24-gb05acd6 (webtiles) character file.

1211 KarmaPolice the Magician (level 8, -1/58 HPs)
             Began as a Vampire Skald on Nov 22, 2016.
             Succumbed to a killer bee's poison
             ... while paralysed
             ... on level 6 of the Dungeon.
             The game lasted 00:23:51 (7996 turns).

KarmaPolice the Magician (Vampire Skald)            Turns: 7996, Time: 00:23:52

Health: -1/58      AC:  4    Str: 11    XL:     8   Next: 22%
Magic:  7/15       EV:  2    Int: 14    God:
Gold:   301        SH:  0    Dex: 16    Spells: 5 memorised, 5 levels left

rFire  . . .     SeeInvis +     s - +0 dagger (drain)
rCold  . . .     Gourm    .     b - +0 leather armour
rNeg   + . .     Faith    .     (no shield)
rPois  .         Spirit   .     m - +0 helmet
rElec  .         Reflect  +     (no cloak)
rCorr  .         Harm     .     (no gloves)
MR     .....                    (no boots)
Stlth  +.........               q - +4 amulet of reflection
                                (no ring)
                                (no ring)

@: paralysed, lethally poisoned (-1 -> -11), exhausted, flying, very slightly
contaminated, slowed
A: fangs 3, see invisible, unbreathing
a: Bat Form


You were on level 6 of the Dungeon.
You were not thirsty.

You visited 1 branch of the dungeon, and saw 6 of its levels.

You collected 301 gold pieces.

Inventory:

Hand Weapons
 a - a +0 falchion
 s - a +0 dagger of draining (weapon)
Missiles
 r - 4 curare-tipped needles
Armour
 b - a +0 leather armour (worn)
 m - a +0 helmet (worn)
 t - a +0 robe of fire resistance
Jewellery
 n - a cursed ring of teleportation {unknown}
 q - a +4 amulet of reflection (around neck)
 x - a +1 ring of protection {unknown}
Scrolls
 g - a scroll of magic mapping {unknown}
 i - 2 scrolls of blinking
 l - 2 scrolls of immolation
 p - 2 scrolls of remove curse {unknown}
 v - a scroll of enchant armour {unknown}
 y - a scroll of recharging {unknown}
 A - a scroll of amnesia {unknown}
 B - 2 scrolls of enchant weapon {unknown}
Potions
 d - 2 potions of blood
 e - 2 potions of magic
 f - 3 potions of agility
 h - a potion of curing {unknown}
 k - a potion of cancellation
 o - a potion of flight
 u - a potion of brilliance {unknown}
 w - a potion of heal wounds {unknown}
 C - 2 potions of berserk rage
Books
 c - a book of Battle

   Spells                             Type                      Level
   a - Infusion                       Charms                       1
   b - Shroud of Golubria             Charms/Translocation         2
   c - Song of Slaying                Charms                       2
   d - Spectral Weapon                Hexes/Charms                 3
   e - Regeneration                   Charms/Necromancy            3
 z - a book of Necromancy

   Spells                             Type                      Level
   a - Pain                           Necromancy                   1
   b - Animate Skeleton               Necromancy                   1
   c - Vampiric Draining              Necromancy                   3
   d - Regeneration                   Charms/Necromancy            3
   e - Animate Dead                   Necromancy                   4
   f - Control Undead                 Necromancy                   4


   Skills:
 - Level 3.1 Fighting
 + Level 4.1(5.1) Short Blades
 - Level 4.2(4.9) Long Blades
 - Level 0.7 Armour
 - Level 1.1 Dodging
 + Level 5.2 Spellcasting
 - Level 4.5 Charms
 + Level 4.8 Necromancy


You had 5 spell levels left.
You knew the following spells:

 Your Spells              Type           Power        Failure   Level  Hunger
a - Infusion              Chrm           ###.         4%          1    None
b - Shroud of Golubria    Chrm/Tloc      #.........   14%         2    ##.....
c - Song of Slaying       Chrm           ###.....     8%          2    ##.....
d - Regeneration          Chrm/Necr      ###.......   12%         3    ###....
e - Animate Dead          Necr           N/A          34%         4    ####...


Dungeon Overview and Level Annotations

Branches:
Dungeon (6/15)
 Temple: D:4-7

Altars:
Dithmenos
Gozag
Okawaru
Ru
Sif Muna
Zin

Annotations:
D:3 Grinder
D:5 Menkaure


Innate Abilities, Weirdness & Mutations

You have razor-sharp teeth.
You have supernaturally acute eyesight. (SInv)
You can survive without breathing.


Message History

Unknown command.
You are too berserk!
You are too berserk!
You feel a strong urge to attack something.
* * * LOW HITPOINT WARNING * * *
You feel sick.
* * * LOW HITPOINT WARNING * * *
You feel sick.
You feel your anger subside.
* * * LOW HITPOINT WARNING * * *
You feel sick.
Things that are here:
a dagger; a robe Unknown command.
You are no longer berserk.
You pass out from exhaustion.
You feel yourself slow down.
* * * LOW HITPOINT WARNING * * *
You feel sick.
You die...

#......g..# #.. o.........####
#.. ..........#.<. #.#
#.......##.## ####.# #...o<##..
### #....# #.....##.. ..#
#.##.# #.#.#.##.. #.# #.##.#
#.#.#.##.. #.# #.##@#
#...#.##.. ####.########.##y#
#..#.##.. .................#
##g.......
##....#######y########oo.......
.......)..........yo.!ylg......
##.#..####.######..###y.##.##..
......# #.# #..# #..# .# .
##.##.# #.# #..# #..# # #.##.#
#.# ##..###..#


You could see a killer bee.

Vanquished Creatures
  Sigmund (D:2)
  A sky beast (D:5)
  A phantom (D:5)
  3 ogres (D:4)
  2 killer bees (D:6)
  A bullfrog skeleton (D:5)
  An orc priest (D:4)
  An iguana (D:5)
  5 orc wizards
  A worker ant (D:6)
  Robin (D:1)
  3 adders
  9 gnolls
  An ooze (D:6)
  3 worms (D:2)
  4 dart slugs
  3 leopard geckos
  12 orcs
  9 giant cockroaches
  20 goblins
  5 hobgoblins
  11 jackals
  4 ball pythons
  4 bats
  11 frilled lizards
  A jackal skeleton (D:4)
  9 kobolds
  2 quokka skeletons (D:4)
  9 rats
138 creatures vanquished.

Notes
Turn   | Place    | Note
-------+----------+-------------------------------------------
     0 | D:1      | KarmaPolice the Vampire Skald began the quest for the Orb.
     0 | D:1      | Reached XP level 1. HP: 16/16 MP: 3/3
   122 | D:1      | Reached XP level 2. HP: 3/22 MP: 0/5
   135 | D:1      | Learned a level 2 spell: Shroud of Golubria
   138 | D:1      | Learned a level 2 spell: Song of Slaying
  1606 | D:2      | Reached XP level 3. HP: 24/27 MP: 6/6
  1715 | D:2      | Noticed Sigmund
  1904 | D:2      | Noticed Robin
  2119 | D:1      | Killed Robin
  2276 | D:2      | Killed Sigmund
  2276 | D:2      | Reached skill level 3 in Spellcasting
  2276 | D:2      | Reached XP level 4. HP: 5/34 MP: 0/8
  2276 | D:2      | Reached XP level 5. HP: 6/40 MP: 0/9
  2294 | D:2      | Learned a level 3 spell: Regeneration
  3168 | D:2      | Reached XP level 6. HP: 43/47 MP: 2/11
  4404 | D:3      | Reached skill level 1 in Necromancy
  4917 | D:3      | Noticed Grinder
  5240 | D:3      | Paralysed by Grinder for 6 turns
  5568 | D:4      | Found a shadowy altar of Dithmenos.
  5791 | D:4      | Reached skill level 1 in Short Blades
  5829 | D:5      | Entered Level 5 of the Dungeon
  5829 | D:5      | Noticed a sky beast
  5848 | D:4      | Reached XP level 7. HP: 52/52 MP: 12/12
  5944 | D:4      | Reached skill level 4 in Spellcasting
  6985 | D:4      | Found a deep blue altar of Sif Muna.
  7057 | D:5      | Noticed Menkaure
  7485 | D:5      | Reached skill level 5 in Spellcasting
  7485 | D:5      | Reached XP level 8. HP: 27/58 MP: 3/15
  7612 | D:5      | Learned a level 4 spell: Animate Dead
  7710 | D:6      | Found a sacrificial altar of Ru.
  7711 | D:6      | Found an iron altar of Okawaru.
  7711 | D:6      | Found an opulent altar of Gozag.
  7712 | D:6      | Found a glowing silver altar of Zin.
  7991 | D:6      | HP: 4/87 [poisoned by a killer bee]
  7995 | D:6      | HP: 1/58 [poisoned by a killer bee]
  7996 | D:6      | Succumbed to a killer bee's poison

Skill      XL: |  1  2  3  4  5  6  7  8 |
---------------+-------------------------+-----
Fighting       | 2 3 |  3.1
Long Blades    | 3 4 |  4.2
Spellcasting   | 3 5 |  5.2
Charms         | 4 |  4.5
Necromancy     | 2 4 |  4.8
Short Blades   | 1 3 4 |  4.1
Armour         | |  0.7
Dodging        | |  1.1

Action                   |  1- 3 |  4- 6 |  7- 9 || total
-------------------------+-------+-------+-------++-------
Melee: Falchion          |   131 |   132 |    26 ||   289
       Bite              |    14 |    26 |    19 ||    59
       Unarmed           |     4 |    39 |     7 ||    50
       Dagger            |       |    69 |   104 ||   173
 Cast: Infusion          |     7 |    15 |    13 ||    35
       Song of Slaying   |     3 |    10 |     2 ||    15
       Shroud of Golubri |     3 |     8 |    10 ||    21
       Regeneration      |       |     1 |     6 ||     7
 Abil: End Transformatio |     4 |    22 |    17 ||    43
       Bat Form          |     4 |    22 |    17 ||    43
  Use: Scroll            |       |     2 |     3 ||     5
       Potion            |       |     2 |     4 ||     6
 Stab: Sleeping          |       |     8 |     2 ||    10
  Eat: Corpse            |     6 |    11 |     4 ||    21
Armor: Leather armour    |    40 |    49 |    15 ||   104
Dodge: Dodged            |   106 |   135 |    57 ||   298
Block: Other             |       |    13 |    19 ||    32
       Rpst.: Falchion   |    29 |    23 |     2 ||    54
